 Dungeon Crawl Stone Soup version 0.27-a0-323-gbd089401bb (webtiles) character file.

Game seed: 9930692529947908471

183820 runemasterragnar the Unseen (level 18, 0/124 HPs)
             Began as an Octopode Earth Elementalist on Feb 10, 2021.
             Was an Elder of Vehumet.
             Killed from afar by a deep elf zephyrmancer (45 damage)
             ... with a bolt of lightning
             ... on level 1 of the Vaults on Feb 11, 2021.
             The game lasted 02:08:53 (47767 turns).

runemasterragnar the Unseen (OpEE)                 Turns: 47767, Time: 02:08:54

Health: 0/124      AC:  3    Str:  8    XL:     18   Next: 0%
Magic:  18/32      EV: 24    Int: 31    God:    Vehumet [****..]
Gold:   1873       SH: 14    Dex: 12    Spells: 2/38 levels left

rFire    + + .     SeeInvis .   Y - staff of earth
rCold    + . .     Faith    .   Z - +5 kite shield {reflect}
rNeg     + . .     Spirit   .   (helmet restricted)
rPois    +         Reflect  +   d - amulet of regeneration
rElec    .         Harm     .   F - ring of positive energy
rCorr    +         Rampage  .   q - ring of poison resistance
Will     ++...     Clarity  +   D - ring of resist corrosion
Stlth    +++++++...             p - ring of the Hare {EV+8}
HPRegen  0.70/turn              c - ring of protection from cold
MPRegen  0.23/turn              O - +6 ring of intelligence
                                k - ring of protection from fire
                                n - ring of protection from fire

@: no status effects
A: almost no armour, stealthy swim, amphibious, 8 rings, constrict 8, icy blue
scales 1, camouflage 1, clarity, strong-willed 1, sense surroundings 1,
gelatinous body 1
}: 1/15 runes: barnacled
a: Renounce Religion


You were on level 1 of the Vaults.
You worshipped Vehumet.
Vehumet was greatly pleased with you.
You visited 6 branches of the dungeon, and saw 29 of its levels.
You visited 1 bazaar.
You also visited: Sewer, Gauntlet and Volcano.

You collected 2762 gold pieces.
You spent 889 gold pieces at shops.

Inventory:

Missiles
 K - 405 stones
Armour
 Z - a +5 kite shield of reflection (worn)
Magical Staves
 X - a staff of conjuration
 Y - a staff of earth (weapon)
Jewellery
 c - a ring of protection from cold (on tentacle)
 d - an amulet of regeneration (around mantle)
 j - a +4 ring of evasion
 k - a ring of protection from fire (on tentacle)
 n - a ring of protection from fire (on tentacle)
 p - the ring of the Hare (on tentacle) {EV+8}
   (You acquired it on level 6 of the Lair of Beasts)

   [ring of evasion]

   It affects your evasion (+8).
 q - a ring of poison resistance (right tentacle)
 D - a ring of resist corrosion (on tentacle)
 F - a ring of positive energy (left tentacle)
 L - an amulet of guardian spirit {unknown}
 O - a +6 ring of intelligence (on tentacle)
Wands
 g - a wand of paralysis (7) (quivered)
 u - a wand of iceblast (25)
 x - a wand of digging (5)
 z - a wand of charming (7)
 B - a wand of flame (21)
Scrolls
 a - 2 scrolls of noise {unknown}
 b - 8 scrolls of immolation {unknown}
 e - 15 scrolls of teleportation
 f - 2 scrolls of fear
 l - 19 scrolls of removedness
 r - 2 scrolls of blinking
 v - 6 scrolls of fog
 y - 2 scrolls of summoning
 I - 2 scrolls of magic mapping
 P - a scroll of holy word {unknown}
 T - 2 scrolls of vulnerability
Potions
 h - 8 potions of brilliance
 i - 7 potions of flight
 m - a potion of magic
 o - 2 potions of berserk rage
 t - 6 potions of mutation
 C - a potion of invisibility
 E - 4 potions of curing
 G - 3 potions of resistance
 Q - 4 potions of heal wounds
 S - a potion of haste
 U - 4 potions of might
 V - a potion of cancellation
Miscellaneous
 H - a condenser vane (inert)
 J - a phantom mirror


   Skills:
 + Level 11.3 Fighting
 - Level 10.0 Dodging
 + Level 15.5 Stealth
 + Level 6.2 Shields
 - Level 5.1 Unarmed Combat
 + Level 10.8 Spellcasting
 - Level 13.0 Conjurations
 - Level 4.1 Translocations
 - Level 9.8 Transmutations
 * Level 15.0 Earth Magic


You had 2 spell levels left.
You knew the following spells:

 Your Spells              Type           Power        Failure   Level
a - Sandblast             Erth           100%         0%          1
b - Passwall              Tmut/Erth      80%          1%          2
c - Stone Arrow           Conj/Erth      100%         1%          3
d - Petrify               Tmut/Erth      96%          1%          4
e - Lee's Rapid Deconstr  Erth           52%          1%          5
f - Blink                 Tloc           N/A          2%          2
g - Iskenderun's Mystic   Conj/Tloc      63%          1%          4
h - Iron Shot             Conj/Erth      50%          1%          6
i - Shatter               Erth           52%          98%         9

Your spell library contained the following spells:

 Spells                   Type           Power        Failure   Level
 Absolute Zero            Ice            8%           100%        9
 Tornado                  Air            8%           100%        9
 Beastly Appendage        Tmut           100%         1%          1
 Wereblood                Tmut           67%          1%          2
 Freeze                   Ice            64%          2%          1
 Corona                   Hex            17%          10%         1
 Summon Small Mammal      Summ           64%          10%         1
 Call Imp                 Summ           16%          14%         2
 Ensorcelled Hibernation  Hex/Ice        32%          14%         2
 Poisonous Vapours        Pois/Air       32%          14%         2
 Dazzling Flash           Conj/Hex       100%         1%          3
 Hailstorm                Conj/Ice       54%          1%          4
 Bolt of Magma            Conj/Fire/Erth 42%          1%          5
 Iskenderun's Battlesphe  Conj           77%          1%          5
 Spider Form              Tmut/Pois      23%          3%          3
 Gell's Gravitas          Tloc           21%          4%          3
 Lesser Beckoning         Tloc           21%          4%          3
 Teleport Other           Tloc           42%          4%          3
 Blade Hands              Tmut           33%          4%          5
 Frozen Ramparts          Ice            32%          8%          3
 Orb of Destruction       Conj           38%          11%         7
 Ice Form                 Ice/Tmut       47%          12%         4
 Passage of Golubria      Tloc           N/A          17%         4
 Call Canine Familiar     Summ           16%          28%         3
 Confusing Touch          Hex            16%          28%         3
 Ozocubu's Armour         Ice            16%          28%         3
 Summon Guardian Golem    Hex/Summ       16%          28%         3
 Tukima's Dance           Hex            16%          28%         3
 Summon Ice Beast         Ice/Summ       16%          67%         4
 Summon Lightning Spire   Summ/Air       16%          67%         4
 Spellforged Servitor     Conj/Summ      27%          77%         7
 Dispersal                Tloc           21%          95%         6
 Malign Gateway           Summ/Tloc      14%          100%        7
 Disjunction              Tloc           21%          100%        8


Dungeon Overview and Level Annotations

Branches:
Dungeon (15/15)            Temple (1/1) D:7            Lair (6/6) D:10
 Shoals (4/4) Lair:3        Snake (0/4) Lair:3        Slime (0/5) Lair:6
    Orc (2/2) D:10            Elf (0/3) Orc:2        Vaults (1/5) D:13
 Depths (0/5) D:15          Sewer (visited)         Volcano (visited)
Gauntlet (visited)

Altars:
Ashenzari
Cheibriados
Dithmenos
Elyvilon
Fedhas
Gozag
Hepliaklqana
Kikubaaqudgha
Makhleb
Okawaru
Trog
Uskayaw
Vehumet
Wu Jian
Xom
Yredelemnul
Zin
The Shining One
Beogh

Shops:
D:9 ?   D:14 [   Orc:2 [(*[

Portals:
Abyss: Shoals:3

Annotations:
D:5 2 runed translucent doors
D:7 3 runed translucent doors, snackwell's ghost, novice DsVM
Lair:4 3 runed translucent doors, Gaumudgh's ghost, journeyman TeWr
Lair:5 3 runed translucent doors, Jeban's ghost, journeyman OpFi; Mysukhlell's ghost, journeyman DrTm; Panli's ghost, journeyman CeAM; lunkers's ghost, journeyman DgFE; puppykicker's ghost, journeyman BaAr
Shoals:3 2 transporters, Couptipt's ghost, adept FeDe
Orc:1 1 runed translucent door, sand's ghost, journeyman HOFi


Innate Abilities, Weirdness & Mutations

You cannot wear most types of armour.
You are very stealthy in the water. (Stealth+)
You are amphibious.
You can wear up to eight rings at the same time.
You can use your tentacles to constrict eight enemies at once.
Your skin changes colour to match your surroundings (Stealth+).
Your rubbery body absorbs attacks. (AC +1, EV +1)
You are partially covered in icy blue scales. (AC +2)
You possess an exceptional clarity of mind.
You are strong-willed. (Will+)
You passively map a small area around you.


Message History

g - Guard the area. f - Follow me.
Anything else - Cancel.
Gang up on whom?
Press: ? - help, Dir - move target, f - deep elf sorcerer
Aim: a deep elf sorcerer, wielding a +0 dagger and wearing a +0 leather armour (severely wounded) Attack!
The deep elf sorcerer hits your deep troll with a +0 dagger.
Your deep troll bites the deep elf sorcerer!!
The deep elf sorcerer dies!
Vehumet accepts your kill.
You have reached level 18!
Your experience leads to an increase in your attributes!
Your base attributes are Str 8, Int 24, Dex 12.
Increase (S)trength, (I)ntelligence, or (D)exterity?
You feel clever.
Unknown command.
An arrow appears from out of your range of vision.
The arrow hits your ironheart preserver!
Something hits your ironheart preserver!
An arrow appears from out of your range of vision.
The arrow hits your deep troll but does no damage.
Unknown command.
The deep elf zephyrmancer hits your deep troll but does no damage.
An arrow appears from out of your range of vision.
The arrow hits your deep troll.
Your deep troll bites the deep elf zephyrmancer.
Your deep troll closely misses the deep elf zephyrmancer. x2
Your deep troll misses the deep elf zephyrmancer. x2
Your deep troll closely misses the deep elf zephyrmancer.
Unknown command.
An arrow appears from out of your range of vision.
The arrow hits your deep troll but does no damage.
The deep elf zephyrmancer hits your ironheart preserver with a +0 long sword!
Unknown command.
You swap places.
Your ironheart preserver hits the deep elf zephyrmancer with a +0 morningstar.
The deep elf zephyrmancer casts a spell at you.
The bolt of lightning hits your deep troll!
The bolt of lightning hits you!!!
You die...

##,,..,,* #........'...........
.#,...,,* #''#''####.....†.....
.#....,,* #....†..##..###'###..
.#...,,,* #.......##..'.#[#)'..
.#..,,,,* #.......##..#######..
.##****** #.......##..')# #†'..
..# #.......##..#######.. ..##
#.......##..#.#.#.#.. ...##
#...@T..##..#'#'#(#..
....###########T######...........
..............W.).# #.......)...
..............pe..# ############
...#..........T)..#
####...........c..#
#..............# #..............#
###########c####'################


You could see a deep elf zephyrmancer, a centaur, a friendly ironheart preserver
(summoned), 3 friendly deep trolls and a friendly wraith (summoned).

Vanquished Creatures
  Jorgrun (D:14)
  Frances (D:14)
  A kraken (Shoals:3)
  Donald (Shoals:1)
  Aizul (Shoals:1)
  A vault warden (Vaults:1)
  A ghoul (D:14)
  Nessos (D:13)
  A minotaur (Gauntlet)
  Snorg (D:13)
  3 merfolk javelineers (Shoals:4)
  10 merfolk impalers
  2 fire dragons (D:15)
  A yaktaur captain (Vaults:1)
  A great orb of eyes (Vaults:1)
  9 hydras
  2 merfolk avatars
  Erolcha (D:9)
  A catoblepas (Lair:6)
  3 ogre magi
  2 alligator snapping turtles (Shoals:3)
  10 merfolk aquamancers
  18 two-headed ogres
  Erica (D:11)
  A satyr (Shoals:3)
  3 centaur warriors
  9 death yaks
  A tengu warrior (D:13)
  A deep troll shaman (Lair:6)
  Nergalle (D:12)
  A fire crab (Lair:6)
  5 skeletal warriors (D:14)
  3 unseen horrors
  8 sea snakes
  2 deep trolls (Orc:2)
  An ironbrand convoker (Vaults:1)
  An orc knight (Orc:2)
  A phantasmal warrior (Vaults:1)
  2 wizards
  3 deep elf pyromancers
  Pikel (D:4)
  2 wolf spider zombies
  4 harpies (Shoals:1)
  2 orc sorcerers (Orc:2)
  18 manticores
  2 fauns (Shoals:2)
  14 ugly things
  7 cyclopes
  4 merfolk sirens
  17 elephants
  5 black mambas
  A gargoyle (D:15)
  11 water nymphs
  A black mamba (shapeshifter) (D:13)
  A guardian serpent (shapeshifter) (Vaults:1)
  A minotaur zombie (Gauntlet)
  8 cane toads
  5 yaktaurs (Vaults:1)
  2 rime drakes
  2 guardian mummies (D:14)
  11 komodo dragons
  2 efreet
  25 merfolk
  A wind drake (shapeshifter) (Vaults:1)
  9 wind drakes
  16 trolls
  5 polar bears
  7 blink frogs
  6 snapping turtles
  A raiju (Gauntlet)
  4 dream sheep (Lair:6)
  10 slime creatures
  6 shadows
  16 orc warriors
  A tarantella (shapeshifter) (Vaults:1)
  A vampire (D:13)
  A wraith (D:15)
  12 water elementals
  2 wyverns
  7 basilisks
  45 yaks
  Edmund (D:4)
  3 wargs
  A soldier ant (D:11)
  An acid dragon (D:15)
  The ghost of tinescath the Magician, an amateur DEFE (D:3)
  12 water moccasins
  9 sky beasts
  3 black bears
  9 ice beasts
  3 necrophages
  16 centaurs
  22 ogres
  28 wolves
  2 phantoms (D:14)
  18 bullfrogs
  A gnoll sergeant (D:8)
  A water moccasin zombie (D:9)
  6 scorpions
  11 killer bees
  6 electric eels (D:10)
  30 wights
  10 howler monkeys
  4 bullfrog zombies
  5 centaur skeletons
  A gnoll shaman (D:7)
  11 centaur zombies
  6 hounds
  6 jellies
  A bullfrog skeleton (D:6)
  14 orc priests
  Jessica (D:3)
  5 iguanas
  15 orc wizards
  5 worker ants
  A hound skeleton (D:7)
  A howler monkey zombie (D:7)
  A worker ant zombie (D:5)
  19 gnolls
  17 adders
  2 shadow imps
  7 white imps
  A howler monkey simulacrum (D:3)
  A worker ant simulacrum (D:3)
  An ufetubus (D:5)
  2 adder skeletons
  A worm (D:4)
  2 dart slugs
  2 adder simulacra (D:3)
  7 leopard geckos
  65 orcs
  3 ball pythons
  11 giant cockroaches
  11 goblins
  10 hobgoblins
  4 jackals
  5 quokkas
  A ball python skeleton (D:5)
  4 bats
  6 frilled lizards
  2 giant cockroach simulacra (D:3)
  2 jackal skeletons
  4 kobolds
  12 rats
886 creatures vanquished.

Vanquished Creatures (collateral kills)
  A deep elf sorcerer (Vaults:1)
  A centaur warrior (Vaults:1)
  4 death yaks (Lair:5)
  An orc priest (D:6)
  A worker ant (D:6)
  An orc wizard (D:6)
  A shadow imp (D:6)
10 creatures vanquished.

Vanquished Creatures (others)
  A centaur simulacrum (D:15)
  27 fungi
  185 plants
  4 tentacles (Shoals:3)
217 creatures vanquished.

Grand Total: 1113 creatures vanquished

Notes
Turn   | Place    | Note
-------+----------+-------------------------------------------
     0 | D:1      | runemasterragnar the Octopode Earth Elementalist began the
                  | quest for the Orb.
     0 | D:1      | Reached XP level 1. HP: 11/11 MP: 3/3
   213 | D:1      | Reached XP level 2. HP: 11/17 MP: 5/5
   833 | D:1      | Reached XP level 3. HP: 22/22 MP: 6/6
  1563 | D:2      | Learned a level 2 spell: Passwall
  1567 | D:2      | Learned a level 3 spell: Stone Arrow
  1736 | D:2      | Found a shimmering altar of Xom.
  1987 | D:3      | Reached XP level 4. HP: 27/27 MP: 7/7
  2023 | D:3      | Reached skill level 1 in Unarmed Combat
  2039 | D:3      | Reached skill level 1 in Fighting
  2085 | D:3      | Found a runed translucent gate.
  2086 | D:3      | Found a runed translucent gate.
  2087 | D:3      | Found a runed translucent gate.
  2156 | D:3      | Reached skill level 1 in Conjurations
  2159 | D:3      | Noticed tinescath's ghost (amateur DEFE)
  2171 | D:3      | Noticed Jessica
  2178 | D:3      | Killed Jessica
  2179 | D:3      | Reached XP level 5. HP: 25/33 MP: 5/8
  2705 | D:3      | Gained mutation: You are partially covered in icy blue
                  | scales. (AC +2) [potion of mutation]
  2705 | D:3      | Gained mutation: You possess an exceptional clarity of
                  | mind. [potion of mutation]
  2705 | D:3      | Gained mutation: You passively map a small area around you.
                  | [potion of mutation]
  2705 | D:3      | Gained mutation: You are strong-willed. (Will+) [potion of
                  | mutation]
  2876 | D:3      | Reached XP level 6. HP: 33/38 MP: 5/9
  3473 | D:4      | You fall into a shaft and drop 3 floors!
  3647 | D:7      | Noticed a sky beast
  3671 | D:7      | Killed a sky beast
  3672 | D:7      | Reached XP level 7. HP: 27/45 MP: 4/11
  3927 | D:6      | Found a glowing silver altar of Zin.
  3974 | D:6      | Found a glowing drain.
  3985 | Sewer    | Entered a sewer
  4338 | Sewer    | Reached skill level 5 in Earth Magic
  4521 | D:6      | Reached XP level 8. HP: 37/51 MP: 2/12
  4532 | D:6      | Found a basalt altar of Yredelemnul.
  4656 | D:6      | Reached skill level 5 in Stealth
  5002 | D:5      | Entered Level 5 of the Dungeon
  5166 | D:4      | Noticed Pikel
  5180 | D:4      | Killed Pikel
  5320 | D:4      | Noticed Edmund
  5322 | D:4      | Reached XP level 9. HP: 57/57 MP: 14/14
  5342 | D:4      | Killed Edmund
  5950 | D:5      | Reached skill level 5 in Conjurations
  6152 | D:5      | Learned a level 4 spell: Petrify
  6158 | D:5      | Learned a level 5 spell: Lee's Rapid Deconstruction
  6552 | D:5      | Found a large runed translucent door.
  6553 | D:5      | Found a large runed translucent door.
  6715 | D:5      | Found a large runed translucent door.
  6715 | D:5      | Found a large runed translucent door.
  6782 | D:5      | Identified Okovoatt's Papyrus of Dislocated Intoxication
  7204 | D:5      | Got a warped copper ring
  7205 | D:5      | Identified the ring of Pomeic {rElec rC- Str+6 Int-5
                  | Slay+5} (You found it on level 5 of the Dungeon)
  9035 | D:7      | Noticed snackwell's ghost (novice DsVM)
  9039 | D:7      | Found a runed translucent gate.
  9041 | D:7      | Reached XP level 10. HP: 64/64 MP: 8/16
  9137 | D:7      | Found a staircase to the Ecumenical Temple.
  9182 | D:7      | Found a runed translucent gate.
  9182 | D:7      | Found a runed translucent gate.
  9272 | Temple   | Entered the Ecumenical Temple
  9329 | Temple   | Became a worshipper of Vehumet
  9430 | D:7      | Found a shadowy altar of Dithmenos.
 10012 | D:8      | Learned a level 2 spell: Blink
 10074 | D:8      | Noticed a two-headed ogre
 10081 | D:8      | Killed a two-headed ogre
 10082 | D:8      | Reached skill level 5 in Dodging
 10342 | D:8      | Found an ancient bone altar of Kikubaaqudgha.
 10382 | D:8      | Reached * piety under Vehumet
 10382 | D:8      | Offered knowledge of Foxfire by Vehumet.
 11046 | D:8      | Found a hazy altar of Hepliaklqana.
 11224 | D:9      | Noticed Erolcha
 11255 | D:9      | Killed Erolcha
 11256 | D:9      | Reached skill level 5 in Unarmed Combat
 11256 | D:9      | Reached skill level 5 in Spellcasting
 11288 | D:9      | Reached skill level 5 in Fighting
 11360 | D:9      | Reached skill level 1 in Translocations
 11616 | D:9      | Found Peil's Magic Scroll Emporium.
 11898 | D:9      | Reached ** piety under Vehumet
 11898 | D:9      | Offered knowledge of Searing Ray by Vehumet.
 11899 | D:9      | Reached XP level 11. HP: 72/72 MP: 19/19
 12221 | D:10     | Entered Level 10 of the Dungeon
 12502 | D:10     | Found a staircase to the Lair.
 12827 | D:10     | Offered knowledge of Conjure Flame by Vehumet.
 12951 | D:10     | Learned a level 4 spell: Iskenderun's Mystic Blast
 12977 | D:10     | Reached *** piety under Vehumet
 13186 | D:10     | Offered knowledge of Airstrike by Vehumet.
 13218 | D:10     | Found a staircase to the Orcish Mines.
 13504 | D:11     | Noticed Erica
 13509 | D:11     | Killed Erica
 14034 | Orc:1    | Entered Level 1 of the Orcish Mines
 14052 | Orc:1    | Found a dark tunnel.
 14058 | Volcano  | Entered a volcano
 14501 | D:9      | Bought a scroll of acquirement for 728 gold pieces
 14501 | D:9      | Acquired an uncursed staff of fire
 14526 | Lair:1   | Entered Level 1 of the Lair of Beasts
 14908 | Lair:1   | Noticed a six-headed hydra
 14914 | Lair:1   | Killed a six-headed hydra
 14939 | Lair:1   | Reached **** piety under Vehumet
 15095 | Lair:1   | Offered knowledge of Fulminant Prism by Vehumet.
 16280 | Lair:2   | Reached XP level 12. HP: 79/79 MP: 21/21
 17617 | Lair:3   | Reached skill level 10 in Stealth
 18280 | Lair:3   | Found a staircase to the Shoals.
 18484 | Lair:3   | Noticed a four-headed hydra
 18507 | Lair:3   | Killed a four-headed hydra
 18648 | Lair:3   | Found a staircase to the Snake Pit.
 19296 | Lair:4   | Reached skill level 10 in Conjurations
 19312 | Lair:4   | Reached ***** piety under Vehumet
 19318 | Lair:4   | Offered knowledge of Yara's Violent Unravelling by Vehumet.
 19480 | Lair:4   | Reached XP level 13. HP: 60/86 MP: 23/23
 20097 | Lair:4   | Found a runed translucent gate.
 20098 | Lair:4   | Found a runed translucent gate.
 20099 | Lair:4   | Found a runed translucent gate.
 20101 | Lair:4   | Noticed Gaumudgh's ghost (journeyman TeWr)
 20839 | D:9      | Bought a scroll of identify for 28 gold pieces
 20839 | D:9      | Bought a scroll of identify for 28 gold pieces
 20839 | D:9      | Bought a scroll of identify for 28 gold pieces
 20839 | D:9      | Bought a scroll of random uselessness for 14 gold pieces
 21129 | Orc:1    | You fall into a shaft and drop 1 floor!
 21129 | Orc:2    | Entered Level 2 of the Orcish Mines
 21129 | Orc:2    | Found Lyocrudu's Armour Shop.
 21140 | Orc:2    | Found a staircase to the Elven Halls.
 21176 | Orc:1    | Reached skill level 10 in Earth Magic
 21309 | Orc:1    | Found a runed translucent door.
 21310 | Orc:1    | Noticed sand's ghost (journeyman HOFi)
 21390 | Orc:1    | Found a roughly hewn altar of Beogh.
 21508 | Orc:2    | Reached skill level 5 in Transmutations
 21868 | Orc:2    | Reached XP level 14. HP: 86/94 MP: 25/25
 21878 | Orc:2    | Offered knowledge of Eringya's Noxious Bog by Vehumet.
 22266 | Orc:2    | Found Joozxai's General Store.
 22269 | Orc:2    | Found Jupniof's Armour Shoppe.
 22270 | Orc:2    | Found Edwejov's Weapon Shop.
 22899 | D:3      | Killed tinescath's ghost
 23178 | D:11     | Learned a level 6 spell: Iron Shot
 23978 | D:12     | Noticed Nergalle
 23987 | D:12     | Killed Nergalle
 24984 | D:13     | Found a gate leading to a gauntlet.
 25002 | Gauntlet | Entered a Gauntlet
 25002 | Gauntlet | Found a transporter.
 25033 | Gauntlet | Found a transporter.
 25036 | Gauntlet | Found a transporter.
 25047 | Gauntlet | Found a transporter.
 25050 | Gauntlet | Found a transporter.
 25058 | Gauntlet | Found a transporter.
 25078 | Gauntlet | Found a runed translucent gate.
 25079 | Gauntlet | Found a transporter.
 25079 | Gauntlet | Found a runed translucent gate.
 25080 | Gauntlet | Found a runed translucent gate.
 25088 | Gauntlet | Found a runed translucent door.
 25092 | Gauntlet | Found a transporter.
 25101 | Gauntlet | Found a transporter.
 25116 | Gauntlet | Found a transporter.
 25125 | Gauntlet | Found a transporter.
 25130 | Gauntlet | Found a transporter.
 25223 | Gauntlet | Found a transporter.
 25410 | Gauntlet | Identified the Almanac of Displacement
 25412 | Gauntlet | Got a crude shortbow
 25414 | Gauntlet | Identified the +9 shortbow "Murmur" {venom, MP+9 Int+3
                  | Dex+5} (You found it in a Gauntlet)
 25973 | Lair:5   | Found a runed translucent gate.
 25974 | Lair:5   | Found a runed translucent gate.
 25975 | Lair:5   | Found a runed translucent gate.
 25976 | Lair:5   | Noticed puppykicker's ghost (journeyman BaAr)
 25976 | Lair:5   | Noticed Jeban's ghost (journeyman OpFi)
 25976 | Lair:5   | Noticed Mysukhlell's ghost (journeyman DrTm)
 25977 | Lair:5   | Noticed lunkers's ghost (journeyman DgFE)
 25978 | Lair:5   | Noticed Panli's ghost (journeyman CeAM)
 26885 | Lair:6   | Entered Level 6 of the Lair of Beasts
 27335 | Lair:6   | Offered knowledge of Freezing Cloud by Vehumet.
 27718 | Lair:6   | Reached XP level 15. HP: 101/101 MP: 27/27
 28549 | Lair:6   | Found a staircase to the Slime Pits.
 29253 | Lair:6   | Offered knowledge of Conjure Ball Lightning by Vehumet.
 29419 | Lair:6   | Acquired the ring of the Hare {EV+8}
 29420 | Lair:6   | Found the ring of the Hare {EV+8}
 29772 | D:13     | Found a gate to the Vaults.
 30736 | D:13     | Noticed Snorg
 30741 | D:13     | Killed Snorg
 30813 | D:13     | Noticed Nessos
 30819 | D:13     | Killed Nessos
 31510 | D:14     | Found Welyshom's Armour Boutique.
 31662 | D:14     | Bought a +0 kite shield for 63 gold pieces
 31718 | D:14     | Noticed Frances
 31724 | D:14     | Killed Frances
 31771 | D:14     | Offered knowledge of Ozocubu's Refrigeration by Vehumet.
 31922 | D:14     | Reached skill level 10 in Dodging
 31997 | D:14     | Noticed a ghoul
 32013 | D:14     | Reached skill level 1 in Shields
 32225 | Shoals:1 | Entered Level 1 of the Shoals
 32481 | Shoals:1 | Noticed Aizul
 32790 | Shoals:1 | Noticed Donald
 32908 | Shoals:1 | Reached ****** piety under Vehumet
 33399 | Shoals:1 | Noticed a kraken
 33446 | Shoals:1 | Killed Donald
 33689 | D:14     | Reached XP level 16. HP: 92/107 MP: 26/29
 33808 | D:14     | Reached skill level 10 in Fighting
 34819 | D:14     | Noticed Jorgrun
 34834 | D:14     | Killed Jorgrun
 35203 | D:15     | Entered Level 15 of the Dungeon
 35554 | D:15     | Offered knowledge of Lightning Bolt by Vehumet.
 37006 | D:15     | Found a staircase to the Depths.
 37430 | Shoals:1 | Killed Aizul
 37697 | Shoals:1 | Reached skill level 10 in Spellcasting
 40118 | Shoals:2 | Reached XP level 17. HP: 116/116 MP: 8/31
 41194 | Shoals:3 | Offered knowledge of Chain Lightning by Vehumet.
 41585 | Shoals:3 | Found a transporter.
 41906 | Shoals:3 | Found a one-way gate to the infinite horrors of the Abyss.
 41906 | Shoals:3 | Noticed a tentacled starspawn
 41906 | Shoals:3 | Noticed Couptipt's ghost (adept FeDe)
 41913 | Shoals:3 | Found a transporter.
 41925 | Shoals:3 | Identified the +8 trident of the Enchanted Forest {distort,
                  | rPois rC+ Dex+3}
 41982 | Shoals:3 | Noticed a kraken
 42010 | Shoals:4 | Entered Level 4 of the Shoals
 42319 | Shoals:3 | Killed a kraken
 42902 | Shoals:4 | Reached skill level 5 in Shields
 43014 | Shoals:4 | Reached skill level 15 in Stealth
 45853 | Shoals:4 | Got a barnacled rune of Zot
 46725 | D:10     | Upgraded the game from 0.27-a0-291-gd9602db6ee to
                  | 0.27-a0-323-gbd089401bb
 46829 | Vaults:1 | Entered Level 1 of the Vaults
 46855 | Vaults:1 | Offered knowledge of Shatter by Vehumet.
 46855 | Vaults:1 | Offered knowledge of Tornado by Vehumet.
 46855 | Vaults:1 | Offered knowledge of Absolute Zero by Vehumet.
 46963 | D:13     | Learned a level 9 spell: Shatter
 47228 | Vaults:1 | Found a flickering gateway to a bazaar.
 47237 | Bazaar   | Entered a bazaar
 47237 | Bazaar   | Found Sanymaula's Armour Boutique.
 47237 | Bazaar   | Found Veduekhe's Armour Shop.
 47237 | Bazaar   | Found Hikedwuh's Weapon Shop.
 47622 | Vaults:1 | Reached skill level 15 in Earth Magic
 47763 | Vaults:1 | Reached XP level 18. HP: 41/124 MP: 17/32
 47767 | Vaults:1 | Killed from afar by a deep elf zephyrmancer

Illustrated notes

Levels and vault maps discovered:
D:1:      lightli_arrival_maybe_door_vault, layout_rooms,
          minmay_misc_feat_hallway
D:2:      layout_basic, minmay_misc_feat_x, tgw_xom
D:3:      layout_basic, gammafunk_ghost_icy, uniq_jessica
D:4:      layout_basic, uniq_edmund, uniq_pikel
D:5:      layout_basic, minmay_hollow_rounded_squares
D:6:      layout_loops_corners, lemuel_coloured_pillars_altar,
          portal_sewer_entry_f, basic_altar
D:7:      layout_layer_cave, old_standard_altar, temple_statues,
          gammafunk_ghost_split
D:8:      layout_loops_ring, lemuel_round_altar, overflow_temple_1_default,
          chequers_serial_rivers_micro_c
D:9:      layout_small_grid, serial_shops, shop, uniq_erolcha
D:10:     layout_roguey, erik_lair_island, erik_orc_2
D:11:     layout_rooms, hangedman_decor_diamond_cutter, dk_noncrumbling_4,
          uniq_erica
D:12:     layout_loops_ring, uniq_nergalle
D:13:     layout_stronghold, david_vaults_1, gauntlet_entry_generic, uniq_snorg,
          uniq_nessos
D:14:     layout_roguey, serial_shops, kennysheep_mini_moat, serial_undead,
          serial_undead_c, serial_undead_c, serial_undead_d, serial_undead_c,
          hex_medium, uniq_jorgrun, uniq_frances
D:15:     grunt_enter_depths_hoard, layout_loops_cross
Temple:   eino_narrow_crystal_temple
Lair:1:   layout_gridlike
Lair:2:   layout_small_grid
Lair:3:   layout_hall_layers, minmay_shoals_entry_beasts, dummy_snake_entry,
          serial_forest, infiniplex_forest_fountain,
          infiniplex_forest_clump_tiny, infiniplex_forest_straight_2,
          infiniplex_forest_end_double, infiniplex_forest_lined_4_way,
          serial_bayou_shore_b, serial_bayou_shore_b
Lair:4:   layout_cave_pods, gammafunk_ghost_split,
          chequers_serial_rivers_small_b, grunt_megastairs_1
Lair:5:   layout_hall_layers, gammafunk_ghost_cemetery
Lair:6:   grunt_lair_end_beastmaster, layout_big_grid,
          minmay_slime_entry_pillars, grunt_megastairs_2
Shoals:1: layout_shoals, uniq_donald, uniq_aizul
Shoals:2: layout_shoals, argonaut_gorgonesque
Shoals:3: layout_shoals, gammafunk_ghost_abyssal_escape
Shoals:4: shoals_end_simple, layout_shoals, nicolae_shoals_stone_sculpture_thing
Orc:1:    layout_caves, basic_altar, gammafunk_ghost_grave,
          nicolae_volcano_entry_hallway
Orc:2:    st_orc_open, layout_caves
Vaults:1: hangedman_vaults_corner, v_rooms_2, v_misc_31, v_misc_19,
          ontoclasm_vaults_decontamination, vaults_room_stairs_pillars,
          layout_vaults_omnigrid, serial_shops, bzr_entry_customers

Skill      XL: |  1  2  3  4  5  6  7  8  9 10 11 12 13 14 15 16 17 |
---------------+----------------------------------------------------+-----
Stealth        | 3 4 5 7 8 9 10 11 12 13 14 15 | 15.5
Unarmed Combat | 1 2 3 4 5 |  5.1
Fighting       | 1 2 3 4 5 6 7 8 9 10 11 | 11.3
Conjurations   | 1 2 3 4 6 7 8 10 11 12 13 | 13.0
Earth Magic    | 4 5 6 7 8 9 10 12 13 14 15 | 15.0
Dodging        | 3 4 5 6 7 8 9 10 | 10.0
Spellcasting   | 3 4 5 6 7 8 9 10 | 10.8
Translocations | 1 4 |  4.1
Transmutations | 2 4 5 7 8 9 |  9.8
Shields        | 1 4 6 |  6.2

Action                   |  1- 3 |  4- 6 |  7- 9 | 10-12 | 13-15 | 16-18 || total
-------------------------+-------+-------+-------+-------+-------+-------++-------
Melee: Unarmed           |    42 |    35 |    86 |    15 |       |       ||   178
       Constrict         |    13 |    10 |    20 |     5 |     8 |    15 ||    71
       Tentacles         |     6 |     7 |    15 |     7 |    11 |    24 ||    70
       Staff             |       |       |       |     7 |    34 |   124 ||   165
       Punch             |       |       |       |       |     1 |     4 ||     5
Throw: Dart              |    61 |    39 |    42 |       |       |       ||   142
       Javelin           |       |    16 |    16 |       |       |       ||    32
       Stone             |       |       |     1 |       |       |       ||     1
 Cast: Sandblast         |    12 |    44 |    79 |    66 |    27 |     8 ||   236
       Stone Arrow       |       |       |    76 |   248 |   387 |   239 ||   950
       Lee's Rapid Decon |       |       |     4 |    48 |   138 |    93 ||   283
       Iskenderun's Myst |       |       |       |    16 |    50 |    32 ||    98
       Petrify           |       |       |       |     1 |     1 |     4 ||     6
       Blink             |       |       |       |       |     4 |     2 ||     6
       Iron Shot         |       |       |       |       |    31 |   114 ||   145
Evoke: Wand              |       |       |    20 |    15 |    19 |    55 ||   109
       Condenser vane    |       |       |       |       |     1 |     2 ||     3
       Phantom mirror    |       |       |       |       |       |     1 ||     1
  Use: Scroll            |     5 |     5 |     5 |     9 |    22 |    11 ||    57
       Potion            |       |     4 |       |     1 |     1 |     7 ||    13
 Stab: Sleeping          |       |     1 |     1 |       |       |       ||     2
       Paralysed         |       |       |    12 |       |       |    10 ||    22
       Petrified         |       |       |       |       |       |     2 ||     2
       Invisible         |       |       |       |       |       |     1 ||     1
Armor: Skin              |    10 |     4 |    21 |     7 |    10 |    14 ||    66
Dodge: Dodged            |    41 |    46 |   109 |    90 |   164 |   203 ||   653
Block: Kite shield       |       |       |       |       |    14 |   191 ||   205
       Reflection        |       |       |       |       |       |    31 ||    31

Table legend: (Time is in decaauts)
 A = Elapsed time spent in this place.
 B = Non-inter-level travel time spent in this place.
 C = Inter-level travel time spent in this place.
 D = Time resting spent in this place.
 E = Time spent auto-exploring this place.
 F = Levels seen in this place.
 G = Mean time per level.
                   A        B        C        D        E       F      G
               +--------+--------+--------+--------+--------+-----+--------+
         Total |  47895 |  45186 |   2709 |  13636 |  24179 |  33 | 1451.4 |
       Dungeon |  23153 |  21324 |   1829 |   4004 |  13934 |  15 | 1543.5 |
        Temple |     83 |     49 |     34 |      0 |     37 |   1 |   83.0 |
          Lair |  10699 |  10055 |    644 |   3108 |   5825 |   6 | 1783.2 |
        Shoals |  10518 |  10354 |    164 |   5609 |   3105 |   4 | 2629.5 |
  Orcish Mines |   1539 |   1504 |     35 |    307 |    845 |   2 |  769.5 |
        Vaults |    658 |    658 |      0 |    258 |     25 |   1 |  658.0 |
        Bazaar |     25 |     25 |      0 |      0 |      0 |   1 |   25.0 |
         Sewer |    442 |    442 |      0 |     46 |    262 |   1 |  442.0 |
       Volcano |    332 |    332 |      0 |    165 |     59 |   1 |  332.0 |
      Gauntlet |    442 |    442 |      0 |    139 |     87 |   1 |  442.0 |
               +--------+--------+--------+--------+--------+-----+--------+

Top non-repeatable levels by time:
Shoals:3: 3374 daAuts
Shoals:4: 2664 daAuts
Shoals:1: 2615 daAuts
    D:14: 2586 daAuts
    D:13: 2247 daAuts
    D:10: 2152 daAuts
     D:7: 2142 daAuts
  Lair:5: 2122 daAuts
  Lair:6: 1950 daAuts
  Lair:3: 1943 daAuts
  Lair:1: 1921 daAuts
     D:5: 1888 daAuts
Shoals:2: 1864 daAuts
    D:15: 1559 daAuts
     D:3: 1538 daAuts
